 Dungeon Crawl Stone Soup version 0.23-b1-86-gba62f8e092 (webtiles) character file.

Game seed: 9893947102744823616

146 Banto the Poker (level 5, 0/38 HPs)
             Began as a Demonspawn Gladiator on Feb 8, 2019.
             Slain by an ogre
             ... wielding a +0 giant spiked club
              (23 damage)
             ... on level 4 of the Dungeon.
             The game lasted 00:02:11 (2248 turns).

Banto the Poker (Demonspawn Gladiator)              Turns: 2248, Time: 00:02:11

Health: 0/38       AC: 10    Str: 14    XL:     5   Next: 7%
Magic:  0/5        EV: 12    Int: 10    God:
Gold:   130        SH:  0    Dex: 15    Spells: 4/4 levels left

rFire    . . .     SeeInvis .   i - +2 whip (venom)
rCold    . . .     Gourm    .   (no shield)
rNeg     . . .     Faith    +   b - +1 leather armour
rPois    .         Spirit   +   (helmet restricted)
rElec    .         Reflect  .   o - +1 cloak
rCorr    .         Harm     .   (no gloves)
MR       .....                  (no boots)
Stlth    ..........             l - amulet of faith
HPRegen  0.12/turn              g - ring of attention (curse)
MPRegen  0.09/turn              (no ring)

@: no status effects
A: horns 1, iridescent scales 2, magic shield
a: no special abilities


You were on level 4 of the Dungeon.
You were very hungry.

You visited 1 branch of the dungeon, and saw 4 of its levels.

You collected 130 gold pieces.

Inventory:

Hand Weapons
 a - a +1 trident
 i - a +2 whip of venom (weapon)
Missiles
 d - 3 throwing nets (quivered)
Armour
 b - a +1 leather armour (worn)
 o - a +1 cloak (worn)
Jewellery
 g - a cursed ring of attention (left hand)
 l - an amulet of faith (around neck)
 q - an uncursed amulet of the gourmand {unknown}
Scrolls
 c - 2 scrolls of remove curse {unknown}
 h - a scroll of fog {unknown}
 m - a scroll of identify
 n - 2 scrolls of teleportation {unknown}
Potions
 e - 2 potions of degeneration
 j - 2 potions of cancellation {unknown}
 p - a potion of heal wounds {unknown}
 r - 2 potions of mutation {unknown}
Comestibles
 f - 5 rations


   Skills:
 - Level 2.0 Fighting
 + Level 5.3 Polearms
 - Level 1.7 Throwing
 - Level 2.6 Dodging


You had 4 spell levels left.
You didn't know any spells.
Your spell library was empty.

Dungeon Overview and Level Annotations

Branches:
Dungeon (4/15)
 Temple: D:4-7

Altars:
Ashenzari


Innate Abilities, Weirdness & Mutations

You have a pair of small horns on your head.
You are mostly covered in iridescent scales. (AC +4)
When hurt, damage is shared between your health and your magic reserves.


Message History

You whack the orc!
You kill the orc!
No target in view!
No target in view!
Things that are here:
a +0 flail; a +0 leather armour; 20 arrows There isn't anything to butcher here.
There is a stone staircase leading down here.
You start resting.
Magic restored.
There is a stone staircase leading down here.
You climb downwards.
The hound barely misses you. The ogre barely misses you.
The bullfrog skeleton barely misses you.
The orc wizard gestures at you while chanting.
The magic dart hits you. The hound barely misses you.
The bullfrog skeleton hits you but does no damage.
The hound barely misses you.
The ogre hits you with a +0 giant spiked club!!
Ouch! That really hurt!
You die...

...w. .# .... .#
........ ..# ....
... ...#.. ...
#o####...... .
##.##.##<.......
..##.....oZh...#...
.......oo.@........
#......O.>.......
#..........####.#
#.............. #
#..............
#...............
.................
..#...............
. ##....$......##


You could see an ogre, a hound, an orc wizard, 3 orcs and a bullfrog skeleton.

Vanquished Creatures
  Crazy Yiuf (D:2)
  4 adders
  An ooze (D:2)
  2 worms (D:3)
  2 dart slugs
  2 leopard geckos
  5 orcs
  3 giant cockroaches
  7 goblins
  8 hobgoblins
  A quokka (D:3)
  9 bats
  2 frilled lizards
  5 kobolds
  A quokka skeleton (D:3)
  7 rats
60 creatures vanquished.

Notes
Turn   | Place    | Note
-------+----------+-------------------------------------------
     0 | D:1      | Banto the Demonspawn Gladiator began the quest for the Orb.
     0 | D:1      | Reached XP level 1. HP: 16/16 MP: 1/1
    60 | D:1      | Reached skill level 3 in Polearms
   129 | D:1      | Gained mutation: You have a pair of small horns on your
                  | head. [demonic ancestry]
   129 | D:1      | Reached XP level 2. HP: 15/22 MP: 2/2
   581 | D:1      | Gained mutation: When hurt, damage is shared between your
                  | health and your magic reserves. [demonic ancestry]
   581 | D:1      | Reached XP level 3. HP: 17/27 MP: 3/3
   753 | D:2      | Found a shattered altar of Ashenzari.
   801 | D:2      | Found a faded altar of an unknown god.
   916 | D:2      | Reached skill level 4 in Polearms
  1144 | D:2      | Found a runed translucent door.
  1145 | D:2      | Noticed Crazy Yiuf
  1335 | D:2      | Killed Crazy Yiuf
  1335 | D:2      | Gained mutation: You are partially covered in iridescent
                  | scales. (AC +2) [demonic ancestry]
  1335 | D:2      | Reached XP level 4. HP: 16/33 MP: 4/4
  1673 | D:3      | Reached skill level 5 in Polearms
  1820 | D:3      | Gained mutation: You are mostly covered in iridescent
                  | scales. (AC +4) [demonic ancestry]
  1820 | D:3      | Reached XP level 5. HP: 38/38 MP: 5/5
  2187 | D:4      | Noticed an ogre
  2248 | D:4      | Slain by an ogre

Skill      XL: |  1  2  3  4 |
---------------+-------------+-----
Polearms       | 3 4 5 |  5.3
Fighting       | |  2.0
Throwing       | |  1.7
Dodging        | |  2.6

Action                   |  1- 3 |  4- 6 || total
-------------------------+-------+-------++-------
Melee: Whip              |    77 |    47 ||   124
       Headbutt          |     9 |     7 ||    16
  Use: Scroll            |     4 |       ||     4
  Eat: Chunk             |     1 |     2 ||     3
Armor: Leather armour    |    23 |    19 ||    42
Dodge: Dodged            |    44 |    25 ||    69
